 Dungeon Crawl Stone Soup version 0.30-a0-840-ga523dec638 (webtiles) character file.

Game seed: 15987000388169727275

218 Esekla the Covert (level 5, 36/36 HPs)
             Began as an Octopode Delver on Mar 1, 2023.
             Quit the game on level 5 of the Dungeon.
             The game lasted 00:04:31 (567 turns).

Esekla the Covert (Octopode Delver)                  Turns: 567, Time: 00:04:32

Health: 36/36      AC:  1    Str: 12    XL:     5   Next: 95%
Magic:  6/6        EV: 13    Int: 14    God:
Gold:   33         SH:  0    Dex: 13    Spells: 4/6 levels left

rFire   . . .      SeeInvis .    a - +0 falchion
rCold   . . .      Faith    .    (no shield)
rNeg    . . .      Spirit   .    (helmet restricted)
rPois   .          Reflect  .    (no amulet)
rElec   .          Harm     .    (no ring)
rCorr   .          Rampage  .    (no ring)
Will    .....                    (no ring)
Stlth   +++++                    (no ring)
HPRegen 0.26/turn                (no ring)
MPRegen 0.10/turn                (no ring)
                                 (no ring)
                                 (no ring)

@: no status effects
A: almost no armour, amphibious, 8 rings, camouflage 1, gelatinous body 1,
(nimble swimmer 1), tentacles
a: no special abilities


You were on level 5 of the Dungeon.
You visited 1 branch of the dungeon, and saw 1 of its levels.

You collected 33 gold pieces.

Inventory:

Hand Weapons
 a - a +0 falchion (weapon)
 s - a +0 dagger
Missiles
 g - 5 boomerangs (quivered)
Wands
 f - a wand of digging (3)
Scrolls
 b - a scroll of fog
 d - a scroll of fear
Potions
 c - a potion of heal wounds {unknown}
 e - a potion of haste
 h - a potion of invisibility {unknown}


   Skills:
 * Level 3.6 Fighting
 * Level 2.6 Long Blades
 * Level 2.5 Dodging
 + Level 9.1 Stealth
 * Level 1.1 Spellcasting


You had 4 spell levels left.
You knew the following spells:

 Your Spells              Type           Power      Damage    Failure   Level
o - Scorch                Fire           0%         2d5       36%         2

Your spell library contained the following spells:

 Spells                   Type           Power      Damage    Failure   Level
 Flame Wave               Conj/Fire      0%         2d4       95%         4
 Summon Cactus Giant      Summ           0%         N/A       100%        6


Dungeon Overview and Level Annotations

Branches:
Dungeon (5/15)
 Temple: D:4-7

Altars:

Shops:
D:5 =*!


Innate Abilities, Weirdness & Mutations

You cannot wear most types of armour.
You are amphibious.
You can wear up to eight rings at the same time.
Your skin changes colour to match your surroundings (Stealth+).
Your rubbery body absorbs attacks. (AC +1, EV +1)
((You are camouflaged when in or above water. (Stealth+)))
You have tentacles for arms and can constrict up to eight enemies at once.


Message History

A shadow imp is nearby!
The shadow imp shouts, "Leave, thou errant half-faced beggar!"
You hit the shadow imp. You grab the shadow imp. You squeeze the shadow imp!
The shadow imp is severely wounded.
You constrict the shadow imp, but do no damage.
The shadow imp shouts, "Quit, thou artless spleeny dewberry!"
The shadow imp closely misses you.
You hit the shadow imp but do no damage.
You squeeze the shadow imp.
You kill the shadow imp!
You start resting.
Magic restored.
The ogre shouts!
The scorpion misses you.
The scorpion stings you but does no damage.
As you read the scroll of fear, it crumbles to dust.
You assume a fearsome visage.
The ogre looks frightened!
The scorpion looks frightened!
The iguana looks frightened!
The iguana hisses angrily.
You hear a shout!
A quokka comes into view.
An ufetubus comes into view.
There is an entrance to Ciyttol's Assorted Antiques here.
You can access your shopping list by pressing '$'.
a - a +0 falchion (weapon)
You hit the ufetubus. You grab the ufetubus. You squeeze the ufetubus.
The ufetubus is heavily wounded.
You constrict the ufetubus. The ufetubus hits you. The ufetubus misses you.
The ufetubus completely misses you. The ufetubus barely misses you.
You hit the ufetubus.
You kill the ufetubus!
Your Spellcasting skill increases to level 1!
Found a scroll of fear.
Found Dewk's Jewellery Shop.
Found a stone staircase leading down.
Found 13 gold pieces.
There is an open door here.
There is an entrance to Dewk's Jewellery Shop here.
Which direction?
You close the door.
You close the door.
You can access your shopping list by pressing '$'.
Are you sure you want to abandon this character and quit the game? (Confirm with "yes".)

****## ##### *,,..#
#...# ###+#..# #...#
#.+@+..# #...#
#.#+#..####...###
#......#........#
##.....#........#
#...###......∩.# #...#
#........#
##.s.###........####
*#.................O.
**#.....###........####


There were no monsters in sight!

Vanquished Creatures
  A black bear (D:5)
  A centaur (D:5)
  An adder (D:5)
  3 gnolls (D:5)
  A shadow imp (D:5)
  An ufetubus (D:5)
  An orc (D:5)
9 creatures vanquished.

Notes
Turn   | Place    | Note
-------+----------+-------------------------------------------
     0 | D:5      | Esekla the Octopode Delver began the quest for the Orb.
     0 | D:5      | Reached XP level 1. HP: 16/16 MP: 1/1
    38 | D:5      | Noticed a centaur
    50 | D:5      | Noticed a black bear
    61 | D:5      | Noticed an ogre
    61 | D:5      | Noticed an iguana
    75 | D:5      | Killed a black bear
    76 | D:5      | Reached skill level 8 in Stealth
    76 | D:5      | Reached XP level 2. HP: 21/21 MP: 2/2
    76 | D:5      | Reached XP level 3. HP: 26/26 MP: 3/3
    76 | D:5      | Reached XP level 4. HP: 31/31 MP: 4/4
    77 | D:5      | Noticed a centaur
   108 | D:5      | Reached XP level 5. HP: 31/36 MP: 5/5
   117 | D:5      | Found Fegoob's Distillery.
   148 | D:5      | Killed a centaur
   149 | D:5      | Reached skill level 9 in Stealth
   296 | D:5      | Learned a level 2 spell: Scorch
   310 | D:5      | Found Ciyttol's Assorted Antiques.
   549 | D:5      | Reached skill level 1 in Spellcasting
   557 | D:5      | Found Dewk's Jewellery Shop.
   567 | D:5      | Quit the game

Illustrated notes

Levels and vault maps discovered:
D:5:      layout_basic, serial_shops, kennysheep_mini_moat,
          nicolae_shop_behind_doors, shop, corexii_checkpoint_b,
          dk_noncrumbling_4

Skill      XL: |  1  2  3  4  5 |
---------------+----------------+-----
Stealth        | 8 9 |  9.1
Spellcasting   | 1 |  1.1
Fighting       | |  3.6
Long Blades    | |  2.6
Dodging        | |  2.5

Action                     |  1- 3 |  4- 6 || total
---------------------------+-------+-------++-------
  Melee: Dagger            |     2 |     5 ||     7
         Tentacles         |     2 |     6 ||     8
         Constrict         |     2 |     3 ||     5
         Falchion          |       |     7 ||     7
    Use: Scroll            |     1 |     1 ||     2
   Stab: Sleeping          |     1 |     3 ||     4
 Armour: Skin              |       |     3 ||     3
  Dodge: Dodged            |       |    12 ||    12

Table legend: (Time is in decaauts)
 A = Elapsed time spent in this place.
 B = Non-inter-level travel time spent in this place.
 C = Inter-level travel time spent in this place.
 D = Time resting spent in this place.
 E = Time spent auto-exploring this place.
 F = Levels seen in this place.
 G = Mean time per level.
                   A        B        C        D        E       F      G
               +--------+--------+--------+--------+--------+-----+--------+
         Total |    564 |    564 |      0 |    241 |      0 |   1 |  564.0 |
       Dungeon |    564 |    564 |      0 |    241 |      0 |   1 |  564.0 |
               +--------+--------+--------+--------+--------+-----+--------+

Top non-repeatable levels by time:
     D:5: 564 daAuts
